 Dungeon Sprint DCSS version 0.30-a0-800-g7c544603b3 (webtiles) character file.

Game seed: 9133254953314867744

5900000 BigDaddyOpFi the Intangible (level 24, -2/208 HPs)
             Began as a Djinni Warper on Feb 22, 2023.
             Was the Champion of Makhleb.
             Slain by a large bag of meat
             ... wielding a +9 giant spiked club
              (77 damage)
             ... in the Dungeon (Sprint VIII: "Arena of Blood").
             The game lasted 00:01:34 (59 turns).

BigDaddyOpFi the Intangible (Djinni Warper)           Turns: 59, Time: 00:01:34

Health: -2/208     AC:  6    Str: 10    XL:     24   Next: 62%
Gold:   0          EV: 32    Int: 19    God:    Makhleb [******] SH:  0 Dex: 21

rFire   + + .      SeeInvis .    h - +∞ Axe of Woe
rCold   x . .      Faith    .    (shield currently unavailable)
rNeg    . . .      Spirit   .    a - +0 leather armour
rPois   ∞          Reflect  .    (no helmet)
rElec   .          Harm     .    (no cloak)
rCorr   .          Rampage  .    (no gloves)
Will    ++...      NoTele   +    (boots unavailable)
Stlth   ++++++++++               (no amulet)
HPRegen 0.54/turn                (no ring)
MPRegen 0.00/turn                (no ring)

@: animating dead, flying
A: sickness immunity, fire resistance 2, cold vulnerability 1, float, innate
caster, HP casting, extra vitality 1
a: Renounce Religion, Minor Destruction, Lesser Servant of Makhleb, Major
Destruction, Greater Servant of Makhleb


You were in the Dungeon.
You worshipped Makhleb.
Makhleb was exalted by your worship.
You visited 1 branch

Inventory:

Hand Weapons
 h - the +∞ Axe of Woe (weapon)
   (You found it in the Dungeon)
Missiles
 c - 7 boomerangs of dispersal (quivered)
Armour
 a - a +0 leather armour (worn)
Scrolls
 b - 2 scrolls of blinking
Potions
 d - a potion of curing
 e - a potion of heal wounds
 f - a potion of haste
 g - a potion of berserk rage


   Skills:
 O Level 27 Fighting
 O Level 27 Axes
 + Level 22.4(27) Maces & Flails
 + Level 22.4(27) Polearms
 + Level 22.4 Throwing
 O Level 27 Armour
 O Level 27 Dodging
 O Level 27 Stealth
 + Level 26.1 Unarmed Combat
 O Level 27 Spellcasting
 O Level 27 Invocations


You knew the following spells:

 Your Spells              Type           Power      Damage    Failure   Level
a - Blink                 Tloc           100%       N/A       0%          2
b - Lesser Beckoning      Tloc           100%       N/A       0%          2
c - Vhi's Electric Charg  Tloc/Air       100%       N/A       0%          3
d - Teleport Other        Tloc           91%        N/A       0%          3
e - Manifold Assault      Tloc           91%        N/A       0%          4
f - Sting                 Tmut/Pois      100%       1d8       0%          1
g - Passwall              Tmut/Erth      75%        N/A       0%          2
h - Frozen Ramparts       Ice            100%       1d16      0%          3
i - Animate Dead          Necr           91%        N/A       0%          4
j - Airstrike             Air            45%        2d(7-23)  0%          4
k - Arcjolt               Conj/Air       45%        1d55      0%          5
l - Statue Form           Tmut/Erth      60%        N/A       0%          6
m - Conjure Ball Lightni  Conj/Air       45%        3x3d16    0%          6
n - Enfeeble              Hex            45%        N/A       1%          7
o - Summon Horrible Thin  Summ           45%        N/A       1%          8
p - Disjunction           Tloc           45%        N/A       1%          8
Your spell library was empty.

Dungeon Overview and Level Annotations

Branches:
Dungeon (1/1)

Altars:
Makhleb


Innate Abilities, Weirdness & Mutations

You are immune to sickness and miasma.
You are immune to poison.
Your flesh is very heat resistant. (rF++)
You are vulnerable to cold. (rC-)
You float through the air rather than walking.
You learn spells naturally, not from books.
Your magical power is your life essence.
You have superior vitality. (+4 MHP)


Message History

The fiery explosion engulfs the bag of meat!!!
The fiery explosion engulfs you! You resist.
You are engulfed in blazing flames.
You resist.
You hear a shout! x3
The meat berserker hits your bag of meat zombie with a +9 battleaxe!!
Your meat berserker zombie is engulfed in blazing flames.
Your meat berserker zombie hits the bag of meat!
You hear a shout!
The meat berserker is engulfed in blazing flames.
The meat berserker hits your meat berserker zombie with a +9 battleaxe!!!
You hear a shout! x3
The large bag of meat is engulfed in blazing flames.
You hear a shout!
Your base Maces & Flails skill increases to level 22!
Your base Polearms skill increases to level 22!
Your Throwing skill increases to level 22!
Your Unarmed Combat skill gained 2 levels and is now at level 26!
Unknown command.
You are engulfed in blazing flames.
You resist.
The meat berserker hits your meat berserker zombie with a +9 battleaxe!!!!
You hear a shout! x9
The sculptor of flesh is engulfed in blazing flames.
The bag of meat is engulfed in blazing flames.
The bag of meat hits your meat berserker zombie with a +9 war axe!!
The bag of meat hits your bag of meat zombie with a +9 war axe!!
You hear a shout!
The meat berserker hits your bag of meat zombie with a +9 battleaxe!!!
A tyrant comes into view.
The meat berserker is engulfed in blazing flames.
The meat berserker hits your meat berserker zombie with a +9 battleaxe!!!!
Your meat berserker zombie is engulfed in blazing flames.
Your meat berserker zombie hits the meat berserker.
You hear a shout! x2
The destroyer hits your meat berserker zombie with a +9 heavy great sword!!!!!
Your meat berserker zombie is destroyed!
The large bag of meat is engulfed in blazing flames.
The large bag of meat hits you with a +9 giant spiked club!!!!
Ouch! That really hurt!
The large bag of meat hits you with a +9 giant spiked club!!!!
You die...

............
.......o...
..........
#....O..# ..
#.).....# .
...###ooo....###..
..oV.ozo###......
#..oOOZO§_.....
....o.#@zV))#..
......#Z)§)_#
.....O#OOV))#
#o....oOo_))......
V.....LX###.......
...###o.X ...###..
#..L ...# . #X..
..O# .. .....


You could see 2 tyrants, 3 destroyers, 2 sculptors of flesh, a large bag of meat
(inner flame), 3 large abominations, 5 meat berserkers, 10 bags of meat, a
friendly bag of meat zombie and a friendly meat berserker zombie.

Vanquished Creatures
  A royal mummy (D)
  4 vampire knights (D)
  17 ogres (D)
  3 two-headed ogres (D)
  22 orcs (D)
  3 skeletal warriors (D)
50 creatures vanquished.

Vanquished Creatures (others)
  14 ogre zombies (D)
  13 orc zombies (D)
27 creatures vanquished.

Grand Total: 77 creatures vanquished

Notes
Turn   | Place    | Note
-------+----------+-------------------------------------------
     0 | D        | Found the +∞ Axe of Woe
     0 | D        | BigDaddyOpFi the Djinni Warper began the quest for the Orb.
     0 | D        | BigDaddyOpFi set off with the following spells memorised:
                  | Blink, Lesser Beckoning, Vhi's Electric Charge, Teleport
                  | Other, Manifold Assault.
     0 | D        | Reached XP level 1. HP: 18/18 MP: 0/0
     1 | D        | Noticed a bag of meat
     2 | D        | Noticed a bag of meat
     3 | D        | Noticed a bag of meat
     3 | D        | Noticed a bag of meat
     3 | D        | Noticed a bag of meat
     4 | D        | Became a worshipper of Makhleb the Destroyer
     5 | D        | Noticed a bag of meat
     5 | D        | Noticed a bag of meat
     6 | D        | Killed a bag of meat
     7 | D        | Reached skill level 10 in Armour
     7 | D        | Reached skill level 10 in Invocations
     7 | D        | Reached XP level 2. HP: 37/37 MP: 0/0
     7 | D        | Reached XP level 3. HP: 42/42 MP: 0/0
     7 | D        | Learned a level 1 spell: Sting
     7 | D        | Reached XP level 4. HP: 49/49 MP: 0/0
     7 | D        | Reached XP level 5. HP: 53/53 MP: 0/0
     7 | D        | Learned a level 2 spell: Passwall
     7 | D        | Reached XP level 6. HP: 59/59 MP: 0/0
     7 | D        | Reached XP level 7. HP: 65/65 MP: 0/0
     7 | D        | Learned a level 3 spell: Frozen Ramparts
     7 | D        | Reached XP level 8. HP: 71/71 MP: 0/0
     7 | D        | Reached XP level 9. HP: 76/76 MP: 0/0
     7 | D        | Learned a level 4 spell: Animate Dead
     7 | D        | Reached XP level 10. HP: 82/82 MP: 0/0
     7 | D        | Reached XP level 11. HP: 87/87 MP: 0/0
     7 | D        | Learned a level 4 spell: Airstrike
     8 | D        | Killed a bag of meat
     8 | D        | Reached * piety under Makhleb
     8 | D        | Noticed a meat berserker
     9 | D        | Reached skill level 10 in Axes
     9 | D        | Reached skill level 10 in Spellcasting
     9 | D        | Reached XP level 12. HP: 96/96 MP: 0/0
     9 | D        | Killed a bag of meat
     9 | D        | Killed a bag of meat
    10 | D        | Reached skill level 15 in Dodging
    10 | D        | Reached XP level 13. HP: 66/106 MP: 0/0
    10 | D        | Learned a level 5 spell: Arcjolt
    10 | D        | Killed a meat berserker
    10 | D        | Reached ** piety under Makhleb
    10 | D        | Killed a bag of meat
    10 | D        | Killed a bag of meat
    10 | D        | Killed a bag of meat
    10 | D        | Reached *** piety under Makhleb
    11 | D        | Reached skill level 15 in Axes
    11 | D        | Reached XP level 14. HP: 120/120 MP: 0/0
    11 | D        | Reached XP level 15. HP: 125/125 MP: 0/0
    11 | D        | Learned a level 6 spell: Statue Form
    12 | D        | Noticed a meat berserker
    16 | D        | Noticed a meat berserker
    17 | D        | Killed a meat berserker
    21 | D        | Reached skill level 15 in Spellcasting
    21 | D        | Reached XP level 16. HP: 65/135 MP: 0/0
    21 | D        | Killed a meat berserker
    21 | D        | Reached **** piety under Makhleb
    21 | D        | Noticed a meat berserker
    22 | D        | Noticed a meat berserker
    23 | D        | Noticed a destroyer
    23 | D        | Killed a meat berserker
    24 | D        | Reached XP level 17. HP: 146/146 MP: 0/0
    24 | D        | Learned a level 6 spell: Conjure Ball Lightning
    26 | D        | Noticed a destroyer
    28 | D        | Killed a destroyer
    28 | D        | Noticed a large bag of meat
    29 | D        | Noticed a sculptor of flesh
    29 | D        | Killed a destroyer
    29 | D        | Noticed a meat berserker
    30 | D        | Reached XP level 18. HP: 157/157 MP: 0/0
    30 | D        | Killed a large bag of meat
    30 | D        | Reached ***** piety under Makhleb
    30 | D        | Noticed a meat berserker
    31 | D        | Noticed a meat berserker
    31 | D        | Noticed a large bag of meat
    32 | D        | Noticed a meat berserker
    32 | D        | Killed a meat berserker
    32 | D        | Noticed a meat berserker
    32 | D        | Noticed a meat berserker
    32 | D        | Noticed a meat berserker
    33 | D        | Noticed a sculptor of flesh
    33 | D        | Killed a sculptor of flesh
    34 | D        | Reached XP level 19. HP: 167/167 MP: 0/0
    34 | D        | Learned a level 7 spell: Enfeeble
    34 | D        | Killed a meat berserker
    34 | D        | Killed a meat berserker
    34 | D        | Noticed a destroyer
    35 | D        | Reached skill level 27 in Dodging
    35 | D        | Noticed a sculptor of flesh
    35 | D        | Noticed a meat berserker
    35 | D        | Noticed a destroyer
    36 | D        | Killed a meat berserker
    36 | D        | Noticed a meat berserker
    36 | D        | Noticed a meat berserker
    36 | D        | Noticed a large bag of meat
    37 | D        | Reached skill level 27 in Fighting
    37 | D        | Reached XP level 20. HP: 181/181 MP: 0/0
    38 | D        | Noticed a meat berserker
    39 | D        | Killed a meat berserker
    39 | D        | Reached ****** piety under Makhleb
    39 | D        | Killed a destroyer
    39 | D        | Noticed a destroyer
    39 | D        | Noticed a destroyer
    40 | D        | Reached skill level 27 in Axes
    40 | D        | Reached skill level 27 in Armour
    40 | D        | Reached skill level 27 in Invocations
    40 | D        | Noticed a meat berserker
    41 | D        | Killed a meat berserker
    41 | D        | Killed a meat berserker
    42 | D        | Reached skill level 27 in Spellcasting
    42 | D        | Reached skill level 15 in Stealth
    42 | D        | Reached XP level 21. HP: 184/187 MP: 0/0
    42 | D        | Learned a level 8 spell: Summon Horrible Things
    42 | D        | Killed a meat berserker
    43 | D        | Noticed a large bag of meat
    44 | D        | Noticed an accursed
    45 | D        | Killed a meat berserker
    46 | D        | Reached XP level 22. HP: 194/194 MP: 0/0
    46 | D        | Noticed a meat berserker
    47 | D        | Noticed a large bag of meat
    48 | D        | Killed a destroyer
    49 | D        | Reached skill level 27 in Stealth
    49 | D        | Reached skill level 10 in Unarmed Combat
    49 | D        | Killed a meat berserker
    50 | D        | Killed a meat berserker
    51 | D        | Reached XP level 23. HP: 201/201 MP: 0/0
    51 | D        | Learned a level 8 spell: Disjunction
    52 | D        | Killed a large bag of meat
    53 | D        | Noticed a destroyer
    53 | D        | Noticed a tyrant
    55 | D        | Noticed a tyrant
    57 | D        | Killed an accursed
    58 | D        | Reached XP level 24. HP: 163/208 MP: 0/0
    58 | D        | Killed a large bag of meat
    59 | D        | Noticed a tyrant
    59 | D        | Slain by a large bag of meat

Illustrated notes

Levels and vault maps discovered:
D:        meatsprint

Skill      XL: |  1  2  3  4  5  6  7  8  9 10 11 12 13 14 15 16 17 18 19 20 21 22 23 24 |
---------------+-------------------------------------------------------------------------+-----
Fighting       | 11 12 14 17 19 21 23 24 27 | 27.0
Axes           | 9 10 12 15 16 18 19 21 23 27 | 27.0
Armour         | 10 12 14 17 18 20 22 24 26 27 | 27.0
Dodging        | 12 13 15 19 20 22 24 26 27 | 27.0
Spellcasting   | 8 10 11 14 15 16 18 19 21 27 | 27.0
Invocations    | 10 12 14 17 18 20 22 24 26 27 | 27.0
Stealth        | 15 26 27 | 27.0
Maces & Flails | 14 21 22 | 22.4
Polearms       | 14 21 22 | 22.4
Throwing       | 14 21 22 | 22.4
Unarmed Combat | 17 24 26 | 26.1

Action                     |  1- 3 |  4- 6 |  7- 9 | 10-12 | 13-15 | 16-18 | 19-21 | 22-24 || total
---------------------------+-------+-------+-------+-------+-------+-------+-------+-------++-------
  Melee: Executioner's axe |     1 |       |       |     2 |     3 |     8 |     6 |     7 ||    27
   Cast: Animate Dead      |       |       |       |       |     2 |       |       |       ||     2
         Blink             |       |       |       |       |       |       |     1 |       ||     1
  Dodge: Dodged            |       |       |       |     1 |       |       |     1 |       ||     2

Table legend: (Time is in decaauts)
 A = Elapsed time spent in this place.
 B = Non-inter-level travel time spent in this place.
 C = Inter-level travel time spent in this place.
 D = Time resting spent in this place.
 E = Time spent auto-exploring this place.
 F = Levels seen in this place.
 G = Mean time per level.
                   A        B        C        D        E       F      G
               +--------+--------+--------+--------+--------+-----+--------+
         Total |     56 |     56 |      0 |      0 |      0 |   1 |   56.0 |
       Dungeon |     56 |     56 |      0 |      0 |      0 |   1 |   56.0 |
               +--------+--------+--------+--------+--------+-----+--------+

Top non-repeatable levels by time:
       D: 56 daAuts
